 Dungeon Crawl Stone Soup version 0.32-a0-540-g866d13106e (webtiles) character file.

Game seed: 11314148889221002705

4738 cforsyth the Scholar of Death (level 10, -7/93 (94) HPs)
             Began as a Mountain Dwarf Necromancer on Feb 29, 2024.
             Was a Follower of Kikubaaqudgha.
             Killed by the air
             ... invoked by Gastronok
              (21 damage)
             ... on level 8 of the Dungeon.
             The game lasted 00:24:30 (11081 turns).

cforsyth the Scholar of Death (MDNe)               Turns: 11081, Time: 00:24:32

HP:   -7/93 (94)    AC: 15    Str: 14    XL:     10   Next: 22%
MP:   12/12         EV:  3    Int: 17    God:    Kikubaaqudgha [*.....]
Gold: 1649          SH:  0    Dex: 10    Spells: 7/12 levels left

rFire   . . .        a - +2 broad axe
rCold   . . .        (no shield)
rNeg    . . .        D - +0 plate armour
rPois   +            (no helmet)
rElec   .            (no cloak)
rCorr   .            (no gloves)
SInv    .            w - +0 pair of boots
Will    +....        y - amulet of regeneration Stlth
                     T - +4 ring of protection
HPRegen 1.15/turn    P - ring of poison resistance
MPRegen 0.13/turn

%: no passive effects
@: studying Stealth, lightly drained
A: runic magic, artefact enchanting
a: Renounce Religion, Unearth Wretches


You were on level 8 of the Dungeon.
You worshipped Kikubaaqudgha.
Kikubaaqudgha was aware of your devotion.
You visited 2 branches of the dungeon, and saw 9 of its levels.
You also visited: Bailey.

You collected 1817 gold pieces.
You spent 168 gold pieces at shops.


Innate Abilities, Weirdness & Mutations

Your spellcasting is much less encumbered by armour.
You can use scrolls of enchantment on lesser artefacts.


   Skills:
 - Level 10.4 Fighting
 + Level 9.0 Axes
 - Level 1.3 Dodging
 - Level 1.4 Stealth
 - Level 1.7 Spellcasting
 - Level 10.5 Necromancy
 + Level 0.3 Earth Magic


You had 7 spell levels left.
You knew the following spells:

 Your Spells              Type           Power      Damage    Failure   Level
a - Animate Dead          Necr           37%        N/A       9%          4
X - Necrotise             Necr           100%       1d9       1%          1

Your spell library contained the following spells:

 Spells                   Type           Power      Damage    Failure   Level
 Sublimation of Blood     Necr           37%        N/A       1%          2
 Vampiric Draining        Necr           37%        2d8       2%          3
 Curse of Agony           Necr           37%        N/A       24%         5
 Shock                    Conj/Air       4%         1d3       56%         1
 Borgnjor's Vile Clutch   Necr/Erth      10%        N/A       89%         5
 Swiftness                Air            1%         N/A       90%         3
 Airstrike                Air            0%         2d(1-17)  100%        4
 Alistair's Intoxication  Alch           0%         N/A       100%        5
 Eringya's Noxious Bog    Alch           0%         4d6       100%        6

Inventory:

Hand Weapons
 a - a +2 broad axe (weapon)
 h - a +2 hand axe of freezing
 n - a +1 short sword of speed
 A - a +0 whip
Missiles
 c - 8 atropa-tipped darts
 t - a throwing net {=f}
Armour
 w - a +0 pair of boots (worn)
 D - a +0 plate armour (worn)
 H - a +1 helmet
Jewellery
 d - a +6 ring of dexterity
 v - a ring of see invisible
 y - an amulet of regeneration (around neck)
 M - a ring of magical power
 P - a ring of poison resistance (right hand)
 S - a +6 ring of strength
 T - a +4 ring of protection (left hand)
Wands
 s - a wand of flame (29)
Scrolls
 f - a scroll of noise
 j - a scroll of revelation {unknown}
 p - 2 scrolls of immolation
Potions
 b - a potion of magic
 e - 2 potions of cancellation
 g - a potion of lignification
 i - 3 potions of enlightenment
 l - 4 potions of curing {@q1}
 o - 2 potions of mutation
 q - 3 potions of heal wounds {@q2}
 r - 2 potions of brilliance
 z - a potion of might
 F - a potion of ambrosia {unknown}

Dungeon Overview and Level Annotations

Branches:
Dungeon (8/15)             Temple (1/1) D:5          Bailey (visited)
   Lair: D:8-11

Altars:
Cheibriados
Dithmenos
Elyvilon
Fedhas
Gozag
Hepliaklqana
Kikubaaqudgha
Makhleb
Nemelex Xobeh
Ru
Sif Muna
Trog
Uskayaw
Vehumet
Wu Jian
Xom
Yredelemnul
Zin
The Shining One

Shops:
D:4 *   D:7 (

Annotations:
D:4 Pikel
D:8 Gastronok

#............<......#...#####w..
##.....................####....#
##..................####....###
#.................###.....##
##...............#......#..###
##...................####...#
####...............#######.#
####..........#####.# #.#
###.<@w...####...###.# #####
#.....#####.....##.. ##...###
#....## ##......##.# ##......##
#...## #.......##!#
##........###.### #.......##.#
#..........##.# #.......##.#
#...........#.#######...........
##..........#...................
#....<.........................


You could see Gastronok.


Message History

You slash Gastronok!
Gastronok is heavily wounded.
Gastronok bites you!!
You hit Gastronok but do no damage.
Gastronok is heavily wounded.
Gastronok bites you but does no damage.
You slash Gastronok!
Gastronok is heavily wounded.
You slash Gastronok!
Gastronok is severely wounded.
Gastronok bites you.
You hit Gastronok but do no damage.
Gastronok is severely wounded.
You hit Gastronok but do no damage.
Gastronok is severely wounded.
Gastronok bites you!!
* * * LOW HITPOINT WARNING * * *
You slash Gastronok!
Gastronok is severely wounded.
You barely miss Gastronok.
Gastronok is severely wounded.
Gastronok bites you!!
* * * LOW HITPOINT WARNING * * *
You slash Gastronok!
Gastronok is severely wounded.
Gastronok waves his eye-stalks in wide circles.
The air twists around and strikes you!!
You die...
Gastronok gurgles, "Time to dig in!"
Kikubaaqudgha rasps: You have failed me!
Welcome... death!

Skill      XL: |  1  2  3  4  5  6  7  8  9 10 |
---------------+-------------------------------+-----
Fighting       | 1 2 4 5 7 9 10 | 10.4
Necromancy     | 5 6 7 8 10 | 10.5
Axes           | 7 9 |  9.0
Dodging        | |  1.3
Stealth        | |  1.4
Spellcasting   | |  1.7
Earth Magic    | |  0.3

Action                     |  1- 3 |  4- 6 |  7- 9 | 10-12 || total
---------------------------+-------+-------+-------+-------++-------
  Melee: Unarmed           |    23 |       |       |       ||    23
         Whip              |    57 |     4 |       |       ||    61
         Short sword       |       |   184 |    46 |       ||   230
         Hand axe          |       |       |   127 |    46 ||   173
         Broad axe         |       |       |       |    45 ||    45
   Cast: Necrotise         |    64 |    33 |   157 |     7 ||   261
         Animate Dead      |       |       |     5 |     3 ||     8
  Evoke: Wand              |       |     5 |    26 |    13 ||    44
    Use: Scroll            |       |       |    16 |     1 ||    17
         Potion            |       |       |     2 |       ||     2
 Armour: Robe              |    26 |       |       |       ||    26
         Plate armour      |   101 |   162 |   402 |    99 ||   764
  Dodge: Dodged            |    23 |    28 |    68 |    16 ||   135

Levels and vault maps discovered:
D:1:      eino_arrival_cavern_a, layout_rooms, minivault_11
D:2:      layout_basic
D:3:      layout_basic, hellmonk_ecumenical_altar_blasted, uniq_terence
D:4:      layout_cave_pods, mainiacjoe_overflow_boulevard, minmay_shop_damaged,
          kennysheep_generic_room_8, uniq_blork_the_orc, uniq_menkaure,
          uniq_natasha, uniq_pikel
D:5:      layout_loops_corners, elyvilon_altar_1,
          minmay_temple_entry_statues_fountains
D:6:      layout_rooms, serial_library_hellmonk_junction,
          grunt_decor_one_mirror, uniq_jeremiah
D:7:      layout_basic, nicolae_overflow_squiral, serial_shops, shop,
          grunt_ministairs_10, uniq_maggie
D:8:      layout_cave_pods, mainiacjoe_overflow_chevrons, lemuel_crystal_altar,
          enter_bailey_7, uniq_erica, uniq_gastronok
Temple:   nicolae_temple_ecumenical_triangle

Notes
Turn   | Place    | Note
-------+----------+-------------------------------------------
     0 | D:1      | cforsyth the Mountain Dwarf Necromancer began the quest for
                  | the Orb.
     0 | D:1      | Reached XP level 1. HP: 14/14 MP: 3/3
   219 | D:1      | Reached skill level 1 in Fighting
   249 | D:1      | Reached XP level 2. HP: 19/23 MP: 0/4
   671 | D:1      | Reached skill level 2 in Fighting
   849 | D:2      | Reached XP level 3. HP: 27/29 MP: 1/5
   854 | D:2      | Reached skill level 5 in Necromancy
  2050 | D:3      | Reached XP level 4. HP: 21/37 MP: 1/6
  2207 | D:3      | Reached skill level 3 in Fighting
  2249 | D:3      | Found a faded altar of an unknown god.
  2269 | D:3      | Noticed Terence
  2287 | D:3      | Killed Terence
  3127 | D:4      | Noticed Menkaure
  3400 | D:4      | Killed Menkaure
  3401 | D:4      | Reached skill level 4 in Fighting
  3401 | D:4      | Reached skill level 6 in Necromancy
  3401 | D:4      | Reached XP level 5. HP: 6/47 MP: 7/7
  3479 | D:4      | Noticed Pikel
  3602 | D:4      | Noticed Natasha
  3612 | D:4      | Killed Natasha
  3613 | D:4      | Reached XP level 6. HP: 39/53 MP: 8/8
  3669 | D:4      | Noticed Natasha
  3789 | D:4      | Killed Natasha
  3959 | D:4      | Found a basalt altar of Yredelemnul.
  4083 | D:4      | Noticed Natasha
  4261 | D:3      | Killed Natasha
  4413 | D:4      | Noticed Blork the orc
  4475 | D:4      | Killed Blork the orc
  4476 | D:4      | Reached skill level 5 in Fighting
  4476 | D:4      | Reached skill level 7 in Necromancy
  4562 | D:4      | Reached XP level 7. HP: 48/61 MP: 9/9
  5315 | D:4      | Found Fiyh's Lightly-Used Armoury.
  5484 | D:5      | Entered Level 5 of the Dungeon
  5643 | D:5      | Reached skill level 6 in Fighting
  5709 | D:5      | Found a white marble altar of Elyvilon.
  6084 | D:5      | Reached skill level 8 in Necromancy
  6655 | D:6      | Reached skill level 7 in Fighting
  6655 | D:6      | Reached XP level 8. HP: 57/73 MP: 4/10
  6668 | D:6      | Noticed Jeremiah
  6722 | D:6      | Killed Jeremiah
  6723 | D:6      | Reached skill level 9 in Necromancy
  6886 | D:6      | Reached skill level 8 in Fighting
  7404 | D:6      | Reached skill level 10 in Necromancy
  7728 | D:7      | Reached skill level 9 in Fighting
  7744 | D:7      | Identified the +2 robe "Nefeyc" {+Inv rElec}
  7820 | D:7      | Reached XP level 9. HP: 83/83 MP: 3/11
  7825 | D:7      | Learned a level 4 spell: Animate Dead
  7990 | D:7      | Found Syesafeo's Antique Weapon Boutique.
  7992 | D:7      | Noticed Maggie
  8006 | D:7      | Killed Maggie
  8023 | D:7      | Bought a runed hand axe for 168 gold pieces
  8297 | D:5      | Reached skill level 1 in Axes
  8473 | D:5      | Reached skill level 2 in Axes
  8638 | D:5      | Found a staircase to the Ecumenical Temple.
  8650 | Temple   | Entered the Ecumenical Temple
  8991 | D:7      | Reached skill level 10 in Fighting
  8991 | D:7      | Reached skill level 3 in Axes
  9260 | D:7      | Found an ancient bone altar of Kikubaaqudgha.
  9261 | D:7      | Found a hazy altar of Hepliaklqana.
  9264 | D:7      | Became a worshipper of Kikubaaqudgha
  9643 | D:8      | Reached skill level 4 in Axes
  9653 | D:8      | Found a hide-covered altar of Uskayaw.
  9767 | D:8      | Noticed Erica
  9783 | D:8      | Killed Erica
  9784 | D:8      | Reached skill level 7 in Axes
  9853 | D:8      | Reached XP level 10. HP: 92/94 MP: 12/12
  9861 | D:8      | Found a radiant altar of Vehumet.
 10015 | D:8      | Found a flagged portal.
 10038 | Bailey   | Entered a bailey
 10058 | Bailey   | Reached * piety under Kikubaaqudgha
 10058 | Bailey   | Received a gift from Kikubaaqudgha
 10096 | Bailey   | Reached skill level 8 in Axes
 10284 | Bailey   | Reached skill level 9 in Axes
 10302 | Bailey   | Found an iron altar of Okawaru.
 10308 | Bailey   | Identified the +1 scale mail "Mebe Bedit" {Dex+2}
 10751 | D:8      | Noticed Gastronok
 11081 | D:8      | Killed from afar by Gastronok

Vanquished Creatures
  Erica (D:8)
  Maggie (D:7)
  Jeremiah (D:6)
  Menkaure (D:4)
  2 water moccasins
  4 orc warriors
  2 ice beasts
  A black bear (D:5)
  2 ogres (D:6)
  A phantom (D:4)
  3 centaurs
  3 lemures (D:3)
  6 kobold brigands (Bailey)
  Blork the orc (D:4)
  A bullfrog (D:7)
  3 scorpions
  2 gnoll sergeants (D:8)
  A wight (D:8)
  An electric eel (D:7)
  A howler monkey (D:5)
  A bombardier beetle (D:7)
  5 hounds
  3 orc priests (D:6)
  A jelly (D:5)
  Terence (D:3)
  Natasha (thrice) (D:4 D:3)
  5 iguanas
  3 orc wizards
  8 adders
  8 gnolls
  A shadow imp (D:8)
  A white imp (D:7)
  2 ufetubi (D:6)
  18 orcs
  11 endoplasms
  A giant cockroach (D:3)
  11 goblins
  8 hobgoblins
  8 jackals
  16 kobolds
  3 quokkas
  10 ball pythons
  9 bats
  A frilled lizard (D:1)
  4 rats
180 creatures vanquished.

Vanquished Creatures (collateral kills)
  A phantom (D:7)
  A scorpion (D:6)
  A jelly (D:7)
  4 gnolls (D:8)
  An adder (D:6)
  An orc (D:8)
  A quokka (D:3)
  A bat (D:1)
  A rat (D:1)
12 creatures vanquished.

Vanquished Creatures (others)
  3 gnoll zombies (D:8)
  11 kobold zombies (Bailey)
  2 orc zombies (D:8)
16 creatures vanquished.

Grand Total: 208 creatures vanquished

Table legend: (Time is in decaauts)
 A = Elapsed time spent in this place.
 B = Non-inter-level travel time spent in this place.
 C = Inter-level travel time spent in this place.
 D = Time resting spent in this place.
 E = Time spent auto-exploring this place.
 F = Levels seen in this place.
 G = Mean time per level.
                   A        B        C        D        E       F      G
               +--------+--------+--------+--------+--------+-----+--------+
         Total |  11073 |  10637 |    436 |   1613 |   6547 |  10 | 1107.3 |
       Dungeon |  10725 |  10290 |    435 |   1534 |   6494 |   8 | 1340.6 |
        Temple |      1 |      0 |      1 |      0 |      0 |   1 |    1.0 |
        Bailey |    345 |    345 |      0 |     79 |     53 |   1 |  345.0 |
               +--------+--------+--------+--------+--------+-----+--------+

Top non-repeatable levels by time:
     D:3: 1868 daAuts
     D:4: 1706 daAuts
     D:5: 1605 daAuts
     D:2: 1200 daAuts
     D:7: 1176 daAuts
     D:6: 1173 daAuts
     D:8: 1149 daAuts
     D:1: 845 daAuts
  Bailey: 345 daAuts
  Temple: 1 daAuts

Table legend:
 A = Non-vault XP
 B = Vault XP
 C = Vault XP percentage of total XP
 D = Non-vault monster count
 E = Vault monster count
 F = Vault count percentage of total count
                 A         B        C        D         E       F
            +---------+---------+-------+---------+---------+-------
      Total |    3494 |    3275 |  48.4 |     156 |      33 |  17.5
            +---------+---------+-------+---------+---------+-------
        D:1 |      40 |       0 |   0.0 |      25 |       0 |   0.0
        D:2 |      56 |       0 |   0.0 |      26 |       0 |   0.0
        D:3 |      96 |      36 |  27.3 |      17 |       1 |   5.6
        D:4 |     295 |     306 |  50.9 |      16 |       3 |  15.8
        D:5 |     661 |       0 |   0.0 |      21 |       0 |   0.0
        D:6 |    1056 |     382 |  26.6 |      24 |       1 |   4.0
        D:7 |     599 |     682 |  53.2 |      10 |       3 |  23.1
        D:8 |     691 |     860 |  55.4 |      17 |       5 |  22.7
     Bailey |       0 |    1009 | 100.0 |       0 |      20 | 100.0
            +---------+---------+-------+---------+---------+-------
